 Seeded DCSS version 0.30.1-4-g462c640d31 (webtiles) character file.

Game seed: 5 (custom seed)

737 Kazon the Grave Robber (level 7, 0/51 HPs)
             Began as a Demonspawn Necromancer on Sept 12, 2023.
             Was a Believer of Okawaru.
             Slain by an ogre
             ... wielding a +0 giant spiked club
              (15 damage)
             ... on level 5 of the Dungeon.
             The game lasted 00:20:39 (2983 turns).

Kazon the Grave Robber (Demonspawn Necromancer)     Turns: 2983, Time: 00:20:40

Health: 0/51       AC:  3    Str: 10    XL:     7   Next: 46%
Magic:  2/21       EV: 13    Int: 17    God:    Okawaru [**....]
Gold:   203        SH:  0    Dex: 19    Spells: 7/13 levels left

rFire   . . .        e - +2 dagger (vamp)
rCold   . . .        (no shield)
rNeg    . . .        a - +0 robe
rPois   .            (helmet unavailable)
rElec   .            (no cloak)
rCorr   .            (no gloves)
SInv    +            (no boots)
Will    .....        (no amulet)
Stlth   ++           o - ring of magical power
HPRegen 0.28/turn    u - +6 ring of dexterity
MPRegen 0.17/turn

%: no passive effects
@: wereblooded (expiring)
A: antennae 3, rugged brown scales 1, powered by death 1
a: Renounce Religion, Heroism


You were on level 5 of the Dungeon.
You worshipped Okawaru.
Okawaru was pleased with you.
You visited 2 branches of the dungeon, and saw 6 of its levels.

You collected 203 gold pieces.

Inventory:

Hand Weapons
 c - a +0 short sword
 e - a +2 vampiric dagger (weapon)
 f - a +0 hand axe of flaming
Missiles
 d - 11 stones
 g - 3 boomerangs
 p - 4 poisoned darts
Armour
 a - a +0 robe (worn)
Jewellery
 o - a ring of magical power (left hand)
 u - a +6 ring of dexterity (right hand)
 A - an amulet of guardian spirit
Wands
 y - a wand of paralysis (8)
Scrolls
 i - 2 scrolls of identify {unknown}
 j - a scroll of summoning {unknown}
 k - 2 scrolls of magic mapping {unknown}
 l - a scroll of teleportation
 m - a scroll of blinking {unknown}
 n - a scroll of fog {unknown}
 v - a scroll of amnesia {unknown}
 w - a scroll of torment {unknown}
Potions
 b - 2 potions of magic
 h - 2 potions of curing
 q - 3 potions of flight {unknown}
 r - a potion of berserk rage {unknown}
 s - 2 potions of invisibility {unknown}
 t - 2 potions of heal wounds {unknown}
 x - a potion of resistance {unknown}
 z - a potion of lignification {unknown}
 B - a potion of attraction {unknown}


   Skills:
 * Level 2.1 Fighting
 + Level 1.4 Short Blades
 * Level 0.3 Axes
 * Level 2.1 Throwing
 * Level 3.0 Dodging
 + Level 2.3 Stealth
 + Level 3.7 Spellcasting
 + Level 6.3 Necromancy
 * Level 2.6 Invocations
 * Level 1.8 Evocations


You had 7 spell levels left.
You knew the following spells:

 Your Spells              Type           Power      Damage    Failure   Level
a - Necrotise             Necr           96%        1d8       1%          1
b - Vampiric Draining     Necr           24%        2d7       3%          3
c - Wereblood             Tmut           3%         N/A       24%         2

Your spell library contained the following spells:

 Spells                   Type           Power      Damage    Failure   Level
 Agony                    Necr           24%        N/A       32%         5
 Frozen Ramparts          Ice            6%         1d1       43%         3
 Ignite Poison            Fire/Tmut/Pois 3%         N/A       43%         3
 Spider Form              Tmut/Pois      3%         N/A       43%         3
 Ice Form                 Ice/Tmut       3%         N/A       85%         4
 Blade Hands              Tmut           1%         N/A       99%         5
 Irradiate                Conj/Tmut      1%         3d12      99%         5
 Animate Dead             Necr           Unusable   N/A       N/A         4
 Summon Ice Beast         Ice/Summ       Unusable   N/A       N/A         4
 Death Channel            Necr           Unusable   N/A       N/A         6

Dungeon Overview and Level Annotations

Branches:
Dungeon (5/15)             Temple (1/1) D:4

Altars:
Dithmenos
Fedhas
Gozag
Hepliaklqana
Okawaru
Qazlal
Trog
Uskayaw
Wu Jian


Innate Abilities, Weirdness & Mutations

You have a pair of large antennae on your head. (SInv)
You are partially covered in rugged brown scales. (AC +1, +3% HP)
You regenerate a little health from kills.


Message History

Aiming: Vampiric Draining (dangerous; 3% risk of failure)
Press: ? - help, Q - select action, (/) - cycle Shift-Dir - straight line, f/p - gnoll
Aim: a gnoll, wielding a +0 spear (severely wounded)
You draw life force from the gnoll!
You feel a bit better.
You kill the gnoll!
Okawaru accepts your kill.
You feel life coursing into your body.
You howl as the wereblood boils in your veins!
The ogre barely misses you.
Aiming: Vampiric Draining (dangerous; 3% risk of failure)
Press: ? - help, Q - select action, (/) - cycle Shift-Dir - straight line, f - ogre
Aim: an ogre, wielding a +0 giant spiked club You draw life force from the ogre!
You feel life coursing into your body.
Unknown command.
You don't have enough magic to cast this spell.
You don't have enough magic to cast this spell.
Unknown command.
You hit the ogre.
You feel better.
The ogre is moderately wounded.
The ogre misses you.
You hit the ogre.
The ogre is heavily wounded.
You closely miss the ogre.
The ogre is heavily wounded.
The ogre misses you.
You hit the ogre.
You feel better.
The ogre is heavily wounded.
The ogre barely misses you.
You hit the ogre.
The ogre is heavily wounded.
Your magical contamination has completely faded away.
You hit the ogre.
The ogre is severely wounded.
The ogre hits you with a +0 giant spiked club!
* * * LOW HITPOINT WARNING * * *
You barely miss the ogre.
The ogre is severely wounded.
Your primal bloodlust is almost over.
The ogre hits you with a +0 giant spiked club!
You die...

.........#...# #{.....#
.........#...# #{.....#
.........'...# #......#
.........#...# #......#
.........#)..#######......#
.........#...#............#
..<......#...#............#
.........#+###...)........#
........†.......@O........#
..........................#
..........................#
..............######......#
..............# #......#
..............# #......#
...<..........# #......#
........†.....# #......#
..............# #......#


You could see an ogre.

Vanquished Creatures
  Sigmund (D:4)
  2 black bears (D:4)
  A scorpion (D:4)
  2 hounds (D:5)
  A jelly (D:5)
  3 iguanas
  A gnoll (D:5)
  7 adders
  An ufetubus (D:4)
  3 worms
  6 orcs
  4 bats
  7 endoplasms
  A giant cockroach (D:1)
  8 goblins
  7 hobgoblins
  11 jackals
  2 kobolds (D:2)
  3 quokkas (D:4)
  6 ball pythons
  A frilled lizard (D:1)
  3 rats
81 creatures vanquished.

Vanquished Creatures (collateral kills)
  2 endoplasms
  4 goblins
  A kobold (D:1)
  2 frilled lizards (D:2)
  A rat (D:1)
10 creatures vanquished.

Grand Total: 91 creatures vanquished

Notes
Turn   | Place    | Note
-------+----------+-------------------------------------------
     0 | D:1      | Kazon the Demonspawn Necromancer began the quest for the
                  | Orb.
     0 | D:1      | Reached XP level 1. HP: 13/13 MP: 3/3
    91 | D:1      | Identified a scroll of acquirement
    91 | D:1      | Acquired the Incunabulum of the Secret Wishes
   123 | D:1      | Gained mutation: You have a pair of small antennae on your
                  | head. [demonic ancestry]
   123 | D:1      | Reached XP level 2. HP: 19/19 MP: 3/5
   361 | D:1      | Reached skill level 5 in Necromancy
   577 | D:1      | Gained mutation: You are partially covered in rugged brown
                  | scales. (AC +1, +3% HP) [demonic ancestry]
   577 | D:1      | Reached XP level 3. HP: 19/24 MP: 4/6
   858 | D:2      | Reached skill level 1 in Short Blades
  1040 | D:2      | Learned a level 3 spell: Vampiric Draining
  1043 | D:2      | Learned a level 2 spell: Wereblood
  1057 | D:2      | Reached XP level 4. HP: 22/31 MP: 2/7
  1576 | D:3      | Found a blossoming altar of Fedhas.
  1785 | D:3      | Found a stormy altar of Qazlal.
  1897 | D:3      | Found a faded altar of an unknown god.
  2001 | D:3      | Identified the +2 sling "Qeuhanocyt" {speed, rElec Str-3
                  | Dex+2}
  2044 | D:4      | Found a staircase to the Ecumenical Temple.
  2096 | Temple   | Entered the Ecumenical Temple
  2109 | Temple   | Became a worshipper of Warmaster Okawaru
  2154 | D:4      | Reached skill level 1 in Fighting
  2164 | D:4      | Found a hazy altar of Hepliaklqana.
  2165 | D:4      | Found a shadowy altar of Dithmenos.
  2165 | D:4      | Noticed a shadow
  2230 | D:4      | Gained mutation: You regenerate a little health from kills.
                  | [demonic ancestry]
  2230 | D:4      | Reached XP level 5. HP: 38/38 MP: 9/9
  2234 | D:4      | Noticed a black bear
  2239 | D:4      | Killed a black bear
  2240 | D:4      | Reached skill level 1 in Throwing
  2240 | D:4      | Reached skill level 1 in Invocations
  2348 | D:4      | Noticed a black bear
  2358 | D:4      | Killed a black bear
  2358 | D:4      | Reached * piety under Okawaru
  2359 | D:4      | Reached skill level 1 in Evocations
  2359 | D:4      | Gained mutation: You have a pair of antennae on your head.
                  | [demonic ancestry]
  2359 | D:4      | Reached XP level 6. HP: 39/44 MP: 6/10
  2387 | D:4      | Noticed Sigmund
  2403 | D:4      | Killed Sigmund
  2404 | D:4      | Reached skill level 6 in Necromancy
  2486 | D:4      | Gained mutation: You have a pair of large antennae on your
                  | head. (SInv) [demonic ancestry]
  2486 | D:4      | Reached XP level 7. HP: 39/51 MP: 6/12
  2780 | D:5      | Entered Level 5 of the Dungeon
  2946 | D:5      | Reached ** piety under Okawaru
  2983 | D:5      | Slain by an ogre

Illustrated notes

Levels and vault maps discovered:
D:1:      ebering_trefoil_3fold, layout_basic, st_stairs_14, serial_bayou_ford_a
D:2:      layout_basic, hangedman_decor_growths, minmay_close_crescents
D:3:      layout_rooms, mainiacjoe_overflow_concentric_impassable,
          mainiacjoe_overflow_paths, shapermc_ecumenical_altar_acropolis,
          chequers_serial_rivers_micro_b
D:4:      layout_basic, riverfiend_overflow_shadow_ancestor,
          minmay_temple_entry_glass, uniq_sigmund
D:5:      layout_gridville
Temple:   nicolae_temple_elliptical

Skill      XL: |  1  2  3  4  5  6  7 |
---------------+----------------------+-----
Necromancy     | 5 6 |  6.3
Short Blades   | 1 |  1.4
Dodging        | 2 3 |  3.0
Fighting       | 1 2 |  2.1
Stealth        | 2 |  2.3
Throwing       | 1 2 |  2.1
Invocations    | 1 2 |  2.6
Spellcasting   | 3 |  3.7
Evocations     | 1 |  1.8
Axes           | |  0.3

Action                     |  1- 3 |  4- 6 |  7- 9 || total
---------------------------+-------+-------+-------++-------
  Melee: Short sword       |    80 |    29 |       ||   109
         Punch             |     1 |     3 |       ||     4
         Dagger            |       |    17 |    10 ||    27
         Hand axe          |       |     2 |    34 ||    36
  Throw: Dart              |       |     1 |     5 ||     6
         Stone             |       |       |    11 ||    11
         Boomerang         |       |       |     1 ||     1
   Cast: Necrotise         |    36 |    45 |    10 ||    91
         Vampiric Draining |     1 |    13 |    10 ||    24
         Wereblood         |       |       |     1 ||     1
    Use: Scroll            |     2 |     1 |       ||     3
         Potion            |     1 |       |       ||     1
   Stab: Sleeping          |     1 |     7 |     3 ||    11
 Armour: Robe              |    19 |     4 |    10 ||    33
  Dodge: Dodged            |    44 |    31 |    47 ||   122
